 Dungeon Crawl Stone Soup version 0.31.0-10-gcf4a605ca0 (webtiles) character file.

Game seed: 11299000156242853042

2531471 RepHenryClay the Annihilator (level 27, 157/157 HPs)
             Began as a Tengu Conjurer on Jan 24, 2024.
             Was the Champion of Vehumet.
             Escaped with the Orb
             ... and 5 runes on Jan 25, 2024!
             The game lasted 04:47:09 (101166 turns).

RepHenryClay the Annihilator (Tengu Conjurer)     Turns: 101166, Time: 04:47:09

Health: 157/157    AC: 39    Str: 20    XL:     27
Magic:  46/46      EV: 27    Int: 35    God:    Vehumet [******]
Gold:   3542       SH: 17    Dex: 21    Spells: 21/63 levels left

rFire   + + +        a - +3 Elemental Staff {ele, rElec rF+ rC+ AC+3}
rCold   + + +        X - +2 shield of Resistance {rF++ rC++ Will++}
rNeg    + . .        l - +6 pearl dragon scales
rPois   +            H - +1 hat
rElec   +            C - +1 cloak of Lesser Demons {Slay+5 SInv}
rCorr   +            d - +2 pair of gloves {Dex+3}
SInv    +            (boots unavailable)
Will    ++++.        J - amulet "Barofak" {RegenMP ^Contam rCorr Int+6}
Stlth   ++           Q - +6 ring of intelligence
HPRegen 0.46/turn    w - ring of Toufiy {rPois Str+6 Dex+2 Slay+3}
MPRegen 0.70/turn

%: acrobat, clarity
@: flying, studying 4 skills
A: beak, talons 3, evasive flight, acrobatic, iridescent scales 1, camouflage 1,
clarity, deterioration 2
0: Orb of Zot
}: 5/15 runes: serpentine, barnacled, slimy, silver, abyssal
a: Renounce Religion


You escaped.
You worshipped Vehumet.
Vehumet was exalted by your worship.
You visited 13 branches of the dungeon, and saw 57 of its levels.
You visited Pandemonium 1 time, and saw 4 of its levels.
You visited the Abyss 2 times.
You also visited: Trove, Wizlab and Desolation.

You collected 9700 gold pieces.
You spent 6158 gold pieces at shops.

Inventory:

Hand Weapons
 a - the +3 Elemental Staff (weapon) {ele, rElec rF+ rC+ AC+3}
   (You found it on level 3 of the Crypt)

   AC+3:      It affects your AC (+3).
   rF+:       It protects you from fire.
   rC+:       It protects you from cold.
   rElec:     It insulates you from electricity.
 b - the +10 rapier of Vujymy {freeze, rElec rPois Str+6}
   (You found it on level 11 of the Dungeon)

   Str+6:     It affects your strength (+6).
   rElec:     It insulates you from electricity.
   rPois:     It protects you from poison
Armour
 d - a +2 pair of gloves of dexterity (worn)
 k - a +2 robe of the Archmagi
 l - +6 pearl dragon scales (worn)
 B - a +2 pair of gloves of strength
 C - the +1 cloak of Lesser Demons (worn) {Slay+5 SInv}
   (You bought it in a shop on level 4 of the Snake Pit)

   Slay+5:    It affects your accuracy & damage with ranged weapons and melee
   (+5).
   SInv:      It lets you see invisible.
 H - a +1 hat (worn)
 X - the +2 shield of Resistance (worn) {rF++ rC++ Will++}
   (You found it on level 4 of the Lair of Beasts)

   rF++:      It greatly protects you from fire.
   rC++:      It greatly protects you from cold.
   Will++:    It greatly increases your willpower.
Jewellery
 q - the amulet of Polay {Reflect rF+ Int+5 SH+5 Stlth+}
   (You found it in the Desolation of Salt)

   [amulet of reflection]

   Reflect:   It reflects blocked missile attacks.
   Int+5:     It affects your intelligence (+5).
   rF+:       It protects you from fire.
   SH+5:      It affects your SH (+5).
   Stlth+:    It makes you more stealthy.
 w - the ring of Toufiy (right hand) {rPois Str+6 Dex+2 Slay+3}
   (You found it in a treasure trove)

   [ring of strength]

   Str+6:     It affects your strength (+6).
   Dex+2:     It affects your dexterity (+2).
   Slay+3:    It affects your accuracy & damage with ranged weapons and melee
   (+3).
   rPois:     It protects you from poison
 x - the ring of Beauty {Fire Int+3 Dex+2 Slay+6}
   (You acquired it on level 15 of the Dungeon)

   [ring of fire]

   Fire:      It enhances your fire magic.
   Int+3:     It affects your intelligence (+3).
   Dex+2:     It affects your dexterity (+2).
   Slay+6:    It affects your accuracy & damage with ranged weapons and melee
   (+6).
   rF+:       It protects you from fire.
   rC-:       It makes you vulnerable to cold.
 A - the amulet "Pilezeug" {RegenMP rPois rF+}
   (You found it on level 5 of the Pits of Slime)

   [amulet of magic regeneration]

   RegenMP:   It increases your rate of magic regeneration.
   rF+:       It protects you from fire.
   rPois:     It protects you from poison
 J - the amulet "Barofak" (around neck) {RegenMP ^Contam rCorr Int+6}
   (You bought it in a shop on level 4 of the Snake Pit)

   [amulet of magic regeneration]

   RegenMP:   It increases your rate of magic regeneration.
   Int+6:     It affects your intelligence (+6).
   ^Contam:   It causes magical contamination when unequipped.
   rCorr:     It protects you from acid and corrosion.
 Q - a +6 ring of intelligence (left hand)
 S - an amulet of regeneration
 Y - a ring of positive energy
Wands
 p - a wand of charming (73)
 K - a wand of mindburst (44)
 M - a wand of roots (36)
 N - a wand of light (23)
 P - a wand of digging (52)
Scrolls
 e - 13 scrolls of fog
 f - 10 scrolls of fear
 g - 8 scrolls of blinking
 m - 10 scrolls of immolation
 r - 3 scrolls of torment
 t - 5 scrolls of revelation
 y - 17 scrolls of teleportation
 E - 4 scrolls of butterflies
 U - 9 scrolls of poison
Potions
 h - 9 potions of magic
 i - 12 potions of haste
 n - 8 potions of enlightenment
 s - 12 potions of heal wounds
 z - 7 potions of might
 D - 19 potions of attraction
 G - 11 potions of brilliance
 L - 3 potions of cancellation
 O - 6 potions of mutation
 R - 28 potions of curing
 T - 3 potions of invisibility
 W - 3 potions of resistance
 Z - 4 potions of lignification
Miscellaneous
 o - a phantom mirror
 u - a tin of tremorstones (2/2)
 v - a phial of floods
 I - a box of beasts
 V - a lightning rod (4/4)


   Skills:
 - Level 12.1 Fighting
 - Level 13.8(14.0) Short Blades
 - Level 2.7(9.4) Long Blades
 - Level 23.4 Armour
 - Level 21.0 Dodging
 - Level 15.0 Stealth
 - Level 15.4 Shields
 - Level 18.5 Spellcasting
 O Level 27 Conjurations
 - Level 5.0 Translocations
 + Level 21.6 Fire Magic
 - Level 7.0 Ice Magic
 O Level 27 Air Magic
 - Level 4.0 Evocations


You had 21 spell levels left.
You knew the following spells:

 Your Spells              Type           Power      Damage    Failure   Level
a - Orb of Destruction    Conj           61%        9d15      1%          7
b - Searing Ray           Conj           100%       2d8       0%          2
c - Iskenderun's Mystic   Conj/Tloc      97%        2d19      1%          4
e - Fire Storm            Conj/Fire      70%        8d18      4%          9
g - Mephitic Cloud        Conj/Alch/Air  100%       N/A       0%          3
h - Plasma Beam           Fire/Air       83%        2x1d101   0%          6
i - Chain Lightning       Conj/Air       73%        3d97      1%          9
Q - Blink                 Tloc           100%       N/A       1%          2

Your spell library contained the following spells:

 Spells                   Type           Power      Damage    Failure   Level
 Maxwell's Capacitive Co  Air            73%        ∞         1%          8
 Foxfire                  Conj/Fire      100%       2x1d9     0%          1
 Kiss of Death            Conj/Necr      100%       2d13      0%          1
 Magic Dart               Conj           100%       1d8       0%          1
 Shock                    Conj/Air       100%       1d9       0%          1
 Sting                    Conj/Alch      100%       1d9       0%          1
 Mercury Vapours          Alch/Air       100%       N/A       0%          2
 Momentum Strike          Conj/Tloc      100%       3d10      0%          2
 Scorch                   Fire           100%       2d9       0%          2
 Static Discharge         Conj/Air       100%       3-8/arc   0%          2
 Hailstorm                Conj/Ice       100%       3d16      0%          3
 Swiftness                Air            100%       N/A       0%          3
 Airstrike                Air            73%        2d(11-27) 0%          4
 Flame Wave               Conj/Fire      100%       2d21      0%          4
 Arcjolt                  Conj/Air       73%        1d83      0%          5
 Fireball                 Conj/Fire      70%        3d26      0%          5
 Freezing Cloud           Conj/Ice/Air   78%        6-21      0%          5
 Iskenderun's Battlesphe  Conj           100%       2d15      0%          5
 Conjure Ball Lightning   Conj/Air       73%        3x3d27    0%          6
 Starburst                Conj/Fire      70%        6d18      0%          6
 Apportation              Tloc           100%       N/A       1%          1
 Freeze                   Ice            100%       1d10      1%          1
 Cigotuvi's Dreadful Rot  Necr/Alch/Air  100%       N/A       1%          2
 Ensorcelled Hibernation  Hex/Ice        100%       N/A       1%          2
 Lesser Beckoning         Tloc           100%       N/A       1%          2
 Dazzling Flash           Conj/Hex       100%       N/A       1%          3
 Frozen Ramparts          Ice            100%       1d16      1%          3
 Gell's Gravitas          Tloc           61%        N/A       1%          3
 Inner Flame              Hex/Fire       100%       N/A       1%          3
 Ozocubu's Armour         Ice            89%        N/A       1%          3
 Stone Arrow              Conj/Erth      100%       3d13      1%          3
 Teleport Other           Tloc           61%        N/A       1%          3
 Volatile Blastmotes      Fire/Tloc      100%       2d18      1%          3
 Brom's Barrelling Bould  Conj/Erth      100%       2d11      1%          4
 Fulminant Prism          Conj/Alch      45%        3d21      1%          4
 Ignite Poison            Fire/Alch      100%       N/A       1%          4
 Sticky Flame             Fire/Alch      100%       2d15      1%          4
 Summon Blazeheart Golem  Fire/Summ      100%       N/A       1%          4
 Summon Lightning Spire   Summ/Air       100%       N/A       1%          4
 Vhi's Electric Charge    Tloc/Air       100%       N/A       1%          4
 Irradiate                Conj/Alch      45%        3d26      1%          5
 Silence                  Hex/Air        56%        N/A       1%          5
 Bombard                  Conj/Erth      56%        9d9       1%          6
 Ignition                 Fire           67%        3d18      1%          8
 Summon Ice Beast         Ice/Summ       71%        N/A       2%          3
 Necrotise                Necr           100%       1d9       3%          1
 Summon Small Mammal      Summ           100%       N/A       3%          1
 Spellforged Servitor     Conj/Summ      45%        N/A       3%          7
 Call Imp                 Summ           64%        N/A       4%          2
 Jinxbite                 Hex            64%        N/A       4%          2
 Sublimation of Blood     Necr           32%        N/A       4%          2
 Manifold Assault         Tloc           61%        N/A       4%          4
 Olgreb's Toxic Radiance  Alch           32%        N/A       9%          4
 Confusing Touch          Hex            32%        N/A       10%         3
 Fugue of the Fallen      Necr           32%        N/A       10%         3
 Passwall                 Erth           48%        N/A       10%         3
 Tukima's Dance           Hex            32%        N/A       10%         3
 Vampiric Draining        Necr           32%        2d8       10%         3
 Dimensional Bullseye     Hex/Tloc       24%        N/A       11%         4
 Metabolic Englaciation   Hex/Ice        35%        N/A       21%         5
 Lehudib's Crystal Spear  Conj/Erth      56%        10d13     21%         8
 Lee's Rapid Deconstruct  Erth           24%        3d13*     22%         5
 Yara's Violent Unravell  Hex/Alch       16%        3d8       22%         5
 Anguish                  Hex/Necr       16%        N/A       30%         4
 Animate Armour           Summ/Erth      96%        N/A       30%         4
 Animate Dead             Necr           32%        N/A       30%         4
 Cause Fear               Hex            16%        N/A       30%         4
 Dispel Undead            Necr           32%        3d14      30%         4
 Leda's Liquefaction      Alch/Erth      24%        N/A       30%         4
 Martyr's Knell           Necr/Summ      32%        N/A       30%         4
 Petrify                  Alch/Erth      48%        N/A       30%         4
 Summon Forest            Summ/Tloc      24%        N/A       30%         5
 Ozocubu's Refrigeration  Ice            44%        4d17      36%         7
 Dispersal                Tloc           30%        N/A       52%         6
 Alistair's Intoxication  Alch           21%        N/A       65%         5
 Borgnjor's Vile Clutch   Necr/Erth      24%        N/A       65%         5
 Curse of Agony           Necr           32%        N/A       65%         5
 Summon Mana Viper        Hex/Summ       32%        N/A       65%         5
 Eringya's Noxious Bog    Alch           16%        4d6       71%         6
 Sculpt Simulacrum        Ice/Alch       35%        N/A       75%         6
 Death Channel            Necr           16%        N/A       99%         6
 Summon Cactus Giant      Summ           16%        N/A       99%         6
 Enfeeble                 Hex            16%        N/A       100%        7
 Haunt                    Necr/Summ      16%        N/A       100%        7
 Monstrous Menagerie      Summ           16%        N/A       100%        7
 Summon Hydra             Summ           16%        N/A       100%        7
 Discord                  Hex            16%        N/A       100%        8
 Disjunction              Tloc           30%        N/A       100%        8
 Summon Horrible Things   Summ           16%        N/A       100%        8
 Death's Door             Necr           16%        N/A       100%        9
 Dragon's Call            Summ           16%        N/A       100%        9
 Polar Vortex             Ice            44%        12d5*     100%        9
 Shatter                  Erth           24%        3d21*     100%        9


Dungeon Overview and Level Annotations

Branches:
Dungeon (15/15)            Temple (1/1) D:4            Lair (5/5) D:11
 Shoals (4/4) Lair:3        Snake (4/4) Lair:2        Slime (5/5) Lair:5
    Orc (2/2) D:12            Elf (3/3) Orc:2        Vaults (5/5) D:14
  Crypt (3/3) Vaults:2       Tomb (0/3) Crypt:3      Depths (4/4) D:15
   Hell (visited)             Dis (0/7) Hell            Geh (0/7) Hell
    Coc (0/7) Hell            Tar (0/7) Hell            Zot (5/5) Depths:4
 WizLab (visited)         Desolation (visited)

Altars:
Ashenzari
Cheibriados
Dithmenos
Elyvilon
Fedhas
Gozag
Hepliaklqana
Kikubaaqudgha
Makhleb
Nemelex Xobeh
Okawaru
Qazlal
Ru
Sif Muna
Trog
Uskayaw
Vehumet
Wu Jian
Xom
Yredelemnul
Zin
The Shining One
Jiyva

Shops:
D:2 *   D:6 [   Orc:1 :   Orc:2 !?!*   Elf:2 *   Elf:3 **   Shoals:1 (
Snake:3 (!(?   Snake:4 ([:=   Vaults:1 [   Vaults:3 (:   Depths:4 (

Portals:
Hell: Depths:1 Depths:2 Depths:3 Depths:4
Abyss: Depths:1 Depths:3 Depths:4
Pandemonium: Depths:2
Ziggurat: Depths:1

Annotations:
Orc:1 good manuals
Vaults:2 8 runed translucent doors, garrulousMonolith's ghost, veteran GnFi


Innate Abilities, Weirdness & Mutations

You have a beak for a mouth.
You have claws for feet.
Your magical flight helps you evade attacks. (EV +4)
You can magically evade attacks while moving or waiting.
You are partially covered in iridescent scales. (AC +2)
Your skin changes colour to match your surroundings (Stealth+).
You possess an exceptional clarity of mind.
Your body often deteriorates upon taking damage.


Message History

There is a stone staircase leading down here.
There is an open door here.
You see here a +0 ring mail.
An Orb Guardian comes into view.
Casting: Chain Lightning (dangerous; 1% risk of failure)
Confirm with . or Enter, or press ? or * to list all spells.
You feel a surge of power! Lightning arcs from your hands!
The bolt of lightning hits the Orb Guardian!!!!
You kill the Orb Guardian!
Vehumet accepts your kill.
You feel your power returning.
Unknown command.
What level of the Dungeon? (default 1, ? - help) Magic restored.
You see here a +0 orcbow.
There is a stone staircase leading up here.
You fly upwards.
There is a stone staircase leading down here.
There is a stone staircase leading up here.
You fly upwards.
There is a stone staircase leading down here.
There is a dry fountain here.
There is an open door here.
There is an open door here.
There is an escape hatch in the ceiling here.
A mysterious force pulls you upwards. The hatch slams shut behind you.
Things that are here:
a +0 robe; a +0 hand axe
There is a stone staircase leading up here.
You fly upwards.
There is a stone staircase leading down here.
There is a stone staircase leading up here.
You fly upwards.
There is a stone staircase leading down here.
There is a stone staircase leading up here.
You fly upwards.
There is a stone staircase leading down here.
There is an open door here.
There is a staircase leading out of the dungeon here.
You have escaped!

## #.# #.#.#....# ###.# ########.#
#.#...#### ##...#
>......############'## ##...##
#####.##≈≈~≈≈≈~≈~.P..♣♣♣♣ #....#
###....'..~~≈~PP~~.....P♣♣ #....#
.##.#.##....~~PPP~~~.P...♣# #.####
.......#♣....~≈≈PPP~~[....###.#####
.##.#)##♣♣.....~~~~~~~....'........
.##.)..# ♣♣♣.....@..≈≈~~≈~###.####.
.#.....### ######'######### #.# #.
.#.##.##.# #..# ### #.# #.
...##.##.#######.## ##.## #.# #.
.####...J.....##.# ##...###.####.
.........####.##.# ##.....##.#....
######.#.# #.##.# #.........#.##.
#####....# #..>.# ##.....####.#.#
.........# #..### ##...## ##.#.


There were no monsters in sight!

Vanquished Creatures
  the Royal Jelly (Slime:5)
  4 dread liches
  3 orbs of fire (Zot:5)
  6 ancient liches
  5 Killer Klowns
  3 pandemonium lords (Pan)
  Vashnia (Snake:2)
  Boris (Depths:2)
  A curse toe (Crypt:3)
  The ghost of Hali the Executioner, a veteran FoFi of Dithmenos (Crypt:1)
  Geryon (Hell)
  A caustic shrike (Depths:2)
  17 golden dragons
  2 Tzitzimimeh
  6 bone dragons
  5 Brimstone Fiends (Pan)
  4 electric golems
  8 doom hounds
  Zenata (Crypt:2)
  An Ice Fiend (Pan)
  A walking crystal tome (Depths:3)
  A hellephant (Hell)
  12 tentacled monstrosities
  9 Hell Sentinels (Pan)
  6 liches
  A shard shrike skeleton (Crypt:3)
  Grunn (Crypt:2)
  27 Orb Guardians
  9 titans
  2 deep elf blademasters (Elf:3)
  23 acid blobs
  6 quicksilver dragons
  Gastronok (D:9)
  2 deep elf master archers (Elf:3)
  Polyphemus (Shoals:3)
  A walking frostbound tome (Depths:3)
  6 sphinxes
  12 Executioners
  4 searing wretches (Hell)
  A kraken (Shoals:2)
  2 tentacled starspawn
  4 ancient champions
  7 death cobs
  The ghost of mooti9 the Fencer, an adept AtBr of Gozag (Shoals:2)
  8 tengu reavers
  Aizul (Snake:3)
  Donald (Vaults:2)
  10 shadow dragons
  14 storm dragons
  10 rockslimes
  5 protean progenitors (Zot:4)
  8 frost giants
  11 azure jellies
  10 nagarajas
  6 draconian monks (Zot:1)
  A demonspawn warmonger (Pan)
  4 revenants
  4 iron dragons
  8 fire giants
  2 ghost moths
  5 draconian shifters
  7 draconian knights
  4 imperial myrmidons (Desolation)
  A juggernaut zombie (Depths:2)
  5 draconian scorchers
  3 curse skulls
  An angel (Abyss:2)
  7 deep elf sorcerers
  A balrug (Pan)
  9 deep elf elementalists (Elf:3)
  18 vault wardens
  3 draconian annihilators
  2 cacodemons
  8 spriggan defenders
  3 demonspawn corrupters (Pan)
  8 draconian stormcallers
  4 orc warlords
  8 reapers
  The ghost of Cicylist the Cleaver, a journeyman FoFi of Okawaru (D:14)
  6 ghouls
  21 ironbound preservers
  8 formless jellyfish
  11 quicksilver oozes
  8 vampire knights
  34 very ugly things
  A demonspawn blood saint (Pan)
  7 ironbound thunderhulks
  17 stone giants
  A demonspawn black sun (Pan)
  Nessos (Lair:3)
  The ghost of Bediveer the Eclecticist, a journeyman FeCj of Vehumet (Shoals:2)
  5 black draconians
  8 deep elf death magi
  8 green draconians
  7 red draconians
  12 dire elephants
  7 deep elf demonologists
  14 deep elf annihilators
  2 putrid mouths (Depths:4)
  A lorocyproca (Pan)
  19 purple draconians
  6 white draconians
  4 war gargoyles
  12 spark wasps
  7 statues (WizLab)
  10 yellow draconians
  5 eidola
  8 fire dragons
  12 yaktaur captains
  5 blizzard demons
  4 merfolk javelineers
  7 merfolk impalers
  2 green deaths
  14 ettins
  3 entropy weavers
  3 crystal guardians
  8 ragged hierophants (Desolation)
  5 jiangshi (Crypt:2)
  5 deep elf high priests
  6 ice dragons
  Fannar (Lair:1)
  32 vault guards
  5 great orbs of eyes
  5 servants of whispers (Desolation)
  5 rakshasas
  11 peacekeepers
  4 hydras
  A salamander tyrant (Snake:2)
  4 ogre magi
  An alligator (Zot:4)
  A hell beast (Pan)
  4 merfolk avatars
  An alligator snapping turtle (Shoals:4)
  A stoker (Hell)
  3 merfolk aquamancers
  18 centaur warriors
  19 anacondas
  8 catoblepae
  9 spriggan air magi
  A sphinx zombie (Crypt:3)
  32 dancing weapons
  5 boulder beetles
  7 satyrs (Shoals:4)
  2 tengu warriors
  The ghost of olmar the Geomancer, a novice DgEE (D:8)
  The ghost of olmar the Geomancer, a novice DgEE (D:10)
  A death knight (Crypt:1)
  7 ironbound frosthearts
  10 two-headed ogres
  7 deep troll shamans
  22 naga warriors
  4 orc high priests
  4 vampire magi
  6 hell hogs
  22 death yaks
  21 deep troll earth magi
  3 occultists
  4 shock serpents (Snake:1)
  9 demonic crawlers (Pan)
  4 thrashing horrors
  11 soul eaters
  19 naga sharpshooters
  5 spriggan berserkers
  11 hell knights
  21 sun demons
  A wretched star (Abyss:2)
  The ghost of Esekla the Chopper, a novice NaWr of Qazlal (D:8)
  12 deep elf knights
  6 salamander mystics
  4 skysharks
  13 spriggans
  A titan skeleton (Crypt:3)
  15 skeletal warriors
  A skyshark (shapeshifter) (Vaults:5)
  11 iron trolls
  A swamp dragon (Zot:2)
  8 sixfirhies
  A cherub (D:8)
  A spark wasp zombie (Crypt:3)
  4 glowing orange brains
  2 shadow demons
  A spatial maelstrom (Abyss:2)
  64 deep trolls
  10 large abominations
  10 mana vipers
  18 sea snakes
  5 naga ritualists
  10 deep elf archers
  3 flayed ghosts
  A swamp dragon (shapeshifter) (Vaults:5)
  2 orb spiders (Zot:4)
  2 orange crystal statues (Abyss:5)
  8 harpies (Shoals:4)
  An obsidian statue (Zot:5)
  7 lindwurms
  4 arcanists
  25 ironbound convokers
  19 phantasmal warriors
  15 orc knights
  Pikel (D:4)
  23 deep elf pyromancers
  2 bog bodies
  7 necromancers
  23 deep elf zephyrmancers
  4 orc sorcerers
  10 starcursed masses
  26 ugly things
  A fire giant zombie (Depths:2)
  8 cyclopes
  22 fauns
  6 shining eyes
  15 salamanders
  A wolf spider (shapeshifter) (Elf:1)
  11 manticores
  An oklob plant (Lair:3)
  2 rust devils (Hell)
  29 moths of wrath
  11 merfolk sirens
  2 kobold blastminers
  4 elephants
  3 meliai (D:14)
  10 vault sentinels
  A guardian serpent (shapeshifter) (Elf:3)
  24 naga magi
  Joseph (D:10)
  14 guardian serpents
  An eleionoma skeleton (Crypt:2)
  A centaur zombie (D:15)
  17 smoke demons
  3 eyes of devastation
  A molten gargoyle (Desolation)
  2 eyes of devastation (shapeshifter)
  4 water nymphs
  38 black mambas
  2 centaur skeletons (D:15)
  Maggie (D:10)
  2 human zombies (Vaults:3)
  An orb spider zombie (Crypt:1)
  3 cane toads
  3 orange demons
  2 kobold demonologists
  An unseen horror (D:10)
  8 komodo dragons
  4 rime drakes
  An efreet (Pan)
  A freezing wraith (D:10)
  26 yaktaurs
  A grey draconian skeleton (Crypt:1)
  11 tormentors
  A red draconian skeleton (Crypt:2)
  2 red devils (Pan)
  2 burning bushes (Lair:3)
  A catoblepas skeleton (Crypt:2)
  An iron troll skeleton (Crypt:1)
  An ice devil (Pan)
  19 tengu conjurers
  31 merfolk
  An ancient zyme (Abyss:5)
  A white draconian skeleton (Crypt:2)
  A queen bee (shapeshifter) (Elf:1)
  6 wind drakes
  2 polar bears (shapeshifter)
  A hydra zombie (Crypt:1)
  4 hellwings
  5 trolls
  8 raiju
  A wind drake (shapeshifter) (Depths:2)
  18 blink frogs
  A shadow dragon simulacrum (Vaults:3)
  7 glass eyes
  12 hornets
  45 saltlings (Desolation)
  A tarantella (Vaults:3)
  7 snapping turtles
  4 dream sheep
  95 slime creatures
  2 spriggans (shapeshifter)
  A jumping spider (Vaults:5)
  3 air elementals
  A meliai zombie (D:15)
  3 shadows (D:11)
  A culicivora (shapeshifter) (Abyss:5)
  4 small abominations
  A vampire (D:10)
  43 yaks
  2 centaur simulacra
  A yak (shapeshifter) (D:14)
  17 water elementals
  Sigmund (D:5)
  A black mamba skeleton (Crypt:2)
  5 ynoxinuls
  2 wyverns
  Eustachio (D:5)
  A hog (shapeshifter) (Depths:3)
  4 fire bats (Depths:4)
  2 wraiths
  2 wargs
  3 basilisks
  8 neqoxecs
  3 golden eyes
  A steam dragon (D:9)
  A chaos spawn (Abyss:4)
  2 human simulacra
  5 redbacks
  A two-headed ogre zombie (Crypt:3)
  2 yaktaur simulacra (Vaults:1)
  54 nagas
  An acid dragon (Zot:2)
  3 hell hounds (Hell)
  14 water moccasins
  A demonspawn skeleton (Crypt:2)
  A faun skeleton (Crypt:3)
  2 ice beasts
  Duvessa (D:5)
  A cane toad zombie (Crypt:1)
  3 black bears
  10 laughing skulls
  3 sky beasts
  22 orc warriors
  10 ogres
  A wolf (D:14)
  An ogre (shapeshifter) (Elf:1)
  8 boggarts
  7 centaurs
  3 human skeletons
  A lemure (D:4)
  A dream sheep skeleton (Crypt:1)
  A weeping skull (Abyss:1)
  3 phantoms
  6 kobold brigands
  Blork the orc (D:4)
  A salamander zombie (Crypt:2)
  A necrophage (Crypt:1)
  A brain worm (Abyss:5)
  A brain worm (shapeshifter) (D:14)
  3 scorpions
  11 bullfrogs
  A warg zombie (Crypt:1)
  A gnoll sergeant (D:7)
  A yaktaur skeleton (Crypt:2)
  5 earth elementals
  Dowan (D:5)
  A queen bee zombie (Crypt:3)
  A killer bee (D:8)
  3 howler monkeys
  A spriggan skeleton (Crypt:3)
  8 electric eels
  A crimson imp (D:6)
  A bombardier beetle (D:5)
  7 hounds
  2 iron imps (Abyss:2)
  2 jellies
  Crazy Yiuf (D:5)
  21 orc priests
  3 iguanas (D:5)
  A sleepcap (D:6)
  2 gnoll boudas
  12 hell rats
  21 orc wizards
  A deep dwarf zombie (Crypt:2)
  A crocodile skeleton (Crypt:3)
  18 gnolls
  7 adders
  An adder (shapeshifter) (Vaults:2)
  3 white imps
  An ufetubus (Abyss:1)
  An adder skeleton (Crypt:3)
  A dart slug (D:4)
  2 ribbon worms
  85 orcs
  An endoplasm (D:1)
  4 giant cockroaches
  5 goblins
  7 hobgoblins
  9 jackals
  34 kobolds
  6 quokkas
  4 ball pythons
  3 bats
  A frilled lizard zombie (Crypt:1)
  A quokka zombie (Crypt:1)
  8 rats
  7 aspiring fleshes (Zot:4)
  2 butterflies (Lair:5)
  2 lurking horrors
  A starspawn tentacle (Abyss:2)
  3 tentacles (Shoals:2)
2689 creatures vanquished.

Vanquished Creatures (collateral kills)
  A hornet (Depths:2)
1 creature vanquished.

Vanquished Creatures (others)
  A deep troll (Vaults:2)
  An orc sorcerer (Orc:2)
  An orc (D:15)
  83 ball lightnings
  25 fire vortices
  5 starspawn tentacles
  A tentacle (Shoals:2)
117 creatures vanquished.

Grand Total: 2807 creatures vanquished

Notes
Turn   | Place    | Note
-------+----------+-------------------------------------------
     0 | D:1      | RepHenryClay the Tengu Conjurer began the quest for the
                  | Orb.
     0 | D:1      | Reached XP level 1. HP: 10/10 MP: 4/4
   185 | D:1      | Reached XP level 2. HP: 14/15 MP: 3/6
   195 | D:1      | Learned a level 2 spell: Searing Ray
   198 | D:1      | Learned a level 2 spell: Blink
  1119 | D:2      | Reached XP level 3. HP: 15/19 MP: 2/7
  1215 | D:2      | Found Danomog's Assorted Antiques.
  1564 | D:2      | Found a faded altar of an unknown god.
  1615 | D:2      | Reached XP level 4. HP: 24/24 MP: 5/8
  1845 | D:2      | You fall into a shaft and drop 1 floor!
  2973 | D:3      | Reached XP level 5. HP: 28/28 MP: 5/9
  4394 | D:4      | Reached XP level 6. HP: 32/32 MP: 5/11
  4770 | D:4      | Found a staircase to the Ecumenical Temple.
  4779 | Temple   | Entered the Ecumenical Temple
  5197 | D:4      | Noticed Blork the orc
  5204 | D:4      | Killed Blork the orc
  5405 | D:4      | Learned a level 4 spell: Iskenderun's Mystic Blast
  5406 | D:5      | Entered Level 5 of the Dungeon
  5406 | D:5      | Noticed a water moccasin
  5415 | D:4      | Gained mutation: Your magical flight helps you evade
                  | attacks. (EV +4) [Tengu growth]
  5415 | D:4      | Reached XP level 7. HP: 7/36 MP: 5/12
  5715 | D:5      | Reached skill level 5 in Dodging
  5715 | D:5      | Reached skill level 1 in Translocations
  5791 | D:5      | Noticed Pikel
  5846 | D:5      | Noticed Eustachio
  6407 | D:5      | Killed Eustachio
  6408 | D:5      | Reached XP level 8. HP: 41/41 MP: 9/13
  6752 | D:4      | Killed Pikel
  6877 | D:5      | Noticed Sigmund
  6882 | D:5      | Killed Sigmund
  6922 | D:5      | Found a runed translucent door.
  6923 | D:5      | Noticed Crazy Yiuf
  7014 | D:5      | Reached XP level 9. HP: 45/45 MP: 1/14
  7572 | D:5      | Noticed Dowan
  7582 | D:5      | Noticed Duvessa
  7591 | D:5      | Killed Dowan
  7701 | D:6      | Reached skill level 10 in Conjurations
  8230 | D:6      | Found Tristan's Dragon-Slaying Spoils.
  8376 | D:6      | Found a burning altar of Makhleb.
  8377 | D:6      | Found a shimmering altar of Xom.
  8384 | D:6      | Reached skill level 5 in Stealth
  8459 | D:6      | Reached skill level 1 in Fighting
  8768 | D:6      | Learned a level 5 spell: Freezing Cloud
  9032 | D:6      | Reached skill level 1 in Air Magic
  9171 | D:6      | Found a radiant altar of Vehumet.
  9177 | D:6      | Found an ornate altar of the Wu Jian Council.
  9182 | D:6      | Found a shadowy altar of Dithmenos.
  9192 | D:6      | Became a worshipper of Vehumet
  9252 | D:7      | Reached skill level 1 in Ice Magic
  9568 | D:7      | Reached XP level 10. HP: 51/53 MP: 9/15
 10370 | D:8      | Reached skill level 5 in Air Magic
 10469 | D:8      | Noticed a boulder beetle
 10582 | D:8      | Found a runed translucent gate.
 10582 | D:8      | Found a runed translucent gate.
 10583 | D:8      | Found a runed translucent gate.
 10585 | D:8      | Noticed olmar's ghost (novice DgEE)
 10585 | D:8      | Noticed Esekla's ghost (novice NaWr)
 10702 | D:8      | Reached * piety under Vehumet
 10702 | D:8      | Offered knowledge of Shock by Vehumet.
 11307 | D:8      | Reached skill level 5 in Ice Magic
 11462 | D:8      | Noticed a deep elf pyromancer
 11478 | D:8      | Killed a deep elf pyromancer
 11788 | D:9      | Noticed a deep elf pyromancer
 11791 | D:9      | Killed a deep elf pyromancer
 12151 | D:9      | Noticed Gastronok
 12391 | D:9      | Killed Gastronok
 12392 | D:9      | Reached XP level 11. HP: 38/57 MP: 3/16
 13012 | D:9      | Found a glowing golden altar of the Shining One.
 13013 | D:9      | Found a hide-covered altar of Uskayaw.
 13828 | D:9      | Found a glowing golden altar of the Shining One.
 13829 | D:9      | Found a hide-covered altar of Uskayaw.
 13882 | D:10     | Entered Level 10 of the Dungeon
 13886 | D:10     | Found a transporter.
 13886 | D:10     | Found a transporter.
 13896 | D:10     | Found a bloodstained altar of Trog.
 13904 | D:10     | Noticed a tengu warrior
 13904 | D:10     | Noticed a moth of wrath
 13907 | D:10     | Noticed olmar's ghost (novice DgEE)
 14768 | D:10     | Reached skill level 10 in Air Magic
 14863 | D:10     | Noticed Maggie
 14868 | D:10     | Killed Maggie
 15373 | D:10     | Found a runed translucent door.
 15375 | D:10     | Noticed a six-headed hydra
 15375 | D:10     | Noticed a boulder beetle
 15375 | D:10     | Noticed a centaur warrior
 15375 | D:10     | Noticed a stone giant
 15443 | D:10     | Reached skill level 10 in Dodging
 15457 | D:10     | Noticed Joseph
 15465 | D:10     | Killed Joseph
 15895 | D:11     | Identified the +10 rapier of Vujymy {freeze, rElec rPois
                  | Str+6}
 16120 | D:11     | Noticed a centaur warrior
 16127 | D:11     | Killed a centaur warrior
 16128 | D:11     | Reached skill level 5 in Spellcasting
 16347 | D:11     | Got the Papyrus of Wyrd
 16529 | D:11     | Offered knowledge of Static Discharge by Vehumet.
 16541 | D:11     | Learned a level 2 spell: Static Discharge
 16704 | D:11     | Found a staircase to the Lair.
 16774 | D:11     | Noticed a two-headed ogre
 16779 | D:11     | Killed a two-headed ogre
 16780 | D:11     | Reached XP level 12. HP: 62/62 MP: 10/20
 16973 | D:12     | Reached ** piety under Vehumet
 17119 | D:12     | Found a staircase to the Orcish Mines.
 17121 | D:12     | Offered knowledge of Hailstorm by Vehumet.
 17135 | D:12     | Got Ischuoshri's Secrets of the Tincture
 17273 | D:12     | Noticed a +0 short sword
 17283 | D:12     | Found a hide-covered altar of Uskayaw.
 17283 | D:12     | Noticed a +0 dagger
 17286 | D:12     | Noticed a +0 spear
 17287 | D:12     | Noticed a +0 spear
 17288 | D:12     | Noticed a +0 dagger
 17288 | D:12     | Noticed a +0 short sword
 17323 | D:12     | Noticed a boulder beetle
 17748 | D:12     | Killed a boulder beetle
 17749 | D:12     | Reached skill level 5 in Short Blades
 17902 | D:12     | Reached *** piety under Vehumet
 18476 | Lair:1   | Entered Level 1 of the Lair of Beasts
 18558 | Lair:1   | Noticed a catoblepas
 18566 | Lair:1   | Killed a catoblepas
 18789 | Lair:1   | Offered knowledge of Olgreb's Toxic Radiance by Vehumet.
 19103 | Lair:1   | Noticed Fannar
 19131 | Lair:1   | Killed Fannar
 19750 | Lair:2   | Got the Quarto of the Flock and the Salamander
 19771 | Lair:2   | Reached skill level 5 in Translocations
 20106 | Lair:2   | Noticed a four-headed hydra
 20123 | Lair:2   | Killed a four-headed hydra
 20236 | Lair:2   | Reached XP level 13. HP: 66/66 MP: 12/21
 20246 | Lair:2   | Reached **** piety under Vehumet
 20429 | Lair:2   | Found a staircase to the Snake Pit.
 20990 | Lair:3   | Offered knowledge of Dazzling Flash by Vehumet.
 21495 | Lair:3   | Noticed Nessos
 22256 | Lair:4   | Found the +2 shield of Resistance {rF++ rC++ Will++}
 22303 | Lair:4   | Reached skill level 15 in Conjurations
 22661 | Lair:5   | Entered Level 5 of the Lair of Beasts
 22821 | Lair:5   | Found a staircase to the Slime Pits.
 22832 | Lair:5   | Reached skill level 10 in Short Blades
 22838 | Lair:5   | Reached ***** piety under Vehumet
 22932 | Lair:5   | Reached XP level 14. HP: 71/71 MP: 9/22
 22937 | Lair:5   | Offered knowledge of Conjure Ball Lightning by Vehumet.
 23624 | Lair:5   | Learned a level 6 spell: Conjure Ball Lightning
 24329 | Lair:3   | Reached skill level 1 in Shields
 24410 | Lair:3   | Found a staircase to the Shoals.
 24709 | Lair:3   | Killed Nessos
 25085 | D:5      | Killed Duvessa
 25287 | D:5      | Killed Crazy Yiuf
 25480 | D:8      | Killed olmar's ghost
 25481 | D:8      | Killed Esekla's ghost
 25800 | D:2      | Bought a scroll of identify for 46 gold pieces
 25800 | D:2      | Bought a scroll of identify for 46 gold pieces
 26058 | Orc:1    | Entered Level 1 of the Orcish Mines
 26204 | Orc:1    | Reached skill level 5 in Shields
 26293 | Orc:1    | Found Desoseown's Self-Improvement Boutique.
 26308 | Orc:1    | Noticed an orc warlord
 26354 | Orc:1    | Killed an orc warlord
 26652 | Orc:2    | Entered Level 2 of the Orcish Mines
 27194 | Orc:2    | Reached XP level 15. HP: 75/75 MP: 8/27
 27304 | Orc:2    | Found a bloodstained altar of Trog.
 27501 | Orc:2    | Found a staircase to the Elven Halls.
 28066 | Orc:2    | Found Yrenokoi's Assorted Antiques.
 28066 | Orc:2    | Found Meibleh's Distillery.
 28269 | Orc:2    | Found Ymiozey's Distillery.
 28269 | Orc:2    | Found Viygruely's Magic Scroll Emporium.
 28278 | Orc:2    | Bought a potion of curing for 45 gold pieces
 28281 | Orc:2    | Bought a potion of haste for 160 gold pieces
 28281 | Orc:2    | Bought a potion of might for 64 gold pieces
 28283 | Orc:2    | Bought a scroll of fear for 56 gold pieces
 28283 | Orc:2    | Bought a scroll of teleportation for 42 gold pieces
 28450 | D:13     | Learned a level 3 spell: Mephitic Cloud
 28472 | D:13     | Offered knowledge of Starburst by Vehumet.
 29492 | D:14     | Found a runed translucent door.
 29494 | D:14     | Identified the +9 trident of Muabag {freeze, *Rage Int+9
                  | Dex+4}
 29497 | D:14     | Noticed Cicylist's ghost (journeyman FoFi)
 29697 | D:14     | Found a gate to the Vaults.
 30061 | D:14     | Killed Cicylist's ghost
 30198 | D:15     | Entered Level 15 of the Dungeon
 30239 | D:15     | Found a shimmering altar of Xom.
 30240 | D:15     | Found a shimmering altar of Xom.
 30240 | D:15     | Found a shimmering altar of Xom.
 30241 | D:15     | Found a shimmering altar of Xom.
 30241 | D:15     | Found a shimmering altar of Xom.
 30244 | D:15     | Found a shimmering altar of Xom.
 30300 | D:15     | Reached skill level 5 in Fighting
 30799 | D:15     | Reached skill level 10 in Shields
 30928 | D:15     | Identified a scroll of acquirement
 30929 | D:15     | Acquired the ring of Beauty {Fire Int+3 Dex+2 Slay+6}
 31097 | D:15     | Found a staircase to the Depths.
 31511 | Shoals:1 | Entered Level 1 of the Shoals
 31569 | Shoals:1 | Reached XP level 16. HP: 92/92 MP: 27/30
 32084 | Shoals:1 | Found Intuhexo's Antique Weapon Emporium.
 32085 | Shoals:1 | You are sucked into a shaft and drop 1 floor!
 32656 | Shoals:2 | Reached skill level 10 in Spellcasting
 33403 | Shoals:2 | Found a runed translucent gate.
 33403 | Shoals:2 | Found a runed translucent gate.
 33403 | Shoals:2 | Found a runed translucent gate.
 33403 | Shoals:2 | Noticed a kraken
 33417 | Shoals:2 | Killed a kraken
 33495 | Shoals:2 | Noticed Bediveer's ghost (journeyman FeCj)
 33496 | Shoals:2 | Noticed mooti9's ghost (adept AtBr)
 34012 | Shoals:3 | Offered knowledge of Orb of Destruction by Vehumet.
 34023 | Shoals:2 | Learned a level 7 spell: Orb of Destruction
 35355 | Shoals:3 | Noticed Polyphemus
 35361 | Shoals:3 | Killed Polyphemus
 36355 | Shoals:4 | Entered Level 4 of the Shoals
 37147 | Shoals:4 | Reached XP level 17. HP: 96/96 MP: 18/32
 37607 | Shoals:4 | Reached skill level 15 in Shields
 38199 | Shoals:4 | Reached ****** piety under Vehumet
 38287 | Shoals:4 | Identified the +7 war axe of Hunow {drain, ^Fragile +Blink
                  | rC+ Int+2 Dex+3}
 38628 | Shoals:4 | Got a barnacled rune of Zot
 38868 | Shoals:4 | Identified the +9 sling "Fainn" {freeze, Will+ Dex+2}
 39192 | Shoals:4 | Reached skill level 15 in Dodging
 40149 | Snake:1  | Entered Level 1 of the Snake Pit
 40648 | Snake:1  | Offered knowledge of Yara's Violent Unravelling by Vehumet.
 42319 | Snake:2  | Reached XP level 18. HP: 104/104 MP: 33/33
 42804 | Snake:3  | Found Veufif's Distillery.
 42972 | Snake:3  | Bought a potion of curing for 36 gold pieces
 42972 | Snake:3  | Bought a potion of heal wounds for 60 gold pieces
 43197 | Orc:1    | Bought a manual of Conjurations for 1040 gold pieces
 43523 | Snake:3  | Found Yzops's Weapon Boutique.
 43763 | Snake:3  | Offered knowledge of Arcjolt by Vehumet.
 43901 | Snake:3  | Identified the serpent talisman "Nyupes" {rN++ Int-4 SInv}
 43901 | Snake:3  | Noticed Aizul
 43910 | Snake:3  | Killed Aizul
 44190 | Snake:3  | Noticed Vashnia
 44387 | Snake:2  | Killed Vashnia
 45126 | Snake:3  | Found Hucyts's Magic Scroll Shoppe.
 45134 | Snake:3  | Bought a scroll of amnesia for 60 gold pieces
 45134 | Snake:3  | Bought a scroll of amnesia for 60 gold pieces
 45134 | Snake:3  | Bought a scroll of teleportation for 45 gold pieces
 45134 | Snake:3  | Bought a scroll of identify for 30 gold pieces
 45142 | Snake:3  | Found Uwenam's Weapon Shop.
 45819 | Snake:4  | Entered Level 4 of the Snake Pit
 46114 | Snake:4  | Found Pas Tibi's Jewellery Shop.
 46309 | Snake:4  | Found Akojunk's Book Boutique.
 46311 | Snake:4  | Found Fokhetaoph's Antique Armour Shop.
 46319 | Snake:4  | Bought an ancient cloak for 228 gold pieces
 46319 | Snake:4  | Identified the +1 cloak of Lesser Demons {Slay+5 SInv} (You
                  | bought it in a shop on level 4 of the Snake Pit)
 46333 | Snake:4  | Bought the amulet "Barofak" {RegenMP ^Contam rCorr Int+6}
                  | for 843 gold pieces
 46455 | Snake:4  | Found Qaasapp's Antique Weapon Boutique.
 46825 | Snake:4  | Offered knowledge of Bombard by Vehumet.
 47035 | Snake:4  | Reached XP level 19. HP: 110/110 MP: 23/34
 48194 | Snake:4  | Got a serpentine rune of Zot
 48475 | Vaults:1 | Entered Level 1 of the Vaults
 48488 | Vaults:1 | Learned a level 6 spell: Bombard
 48523 | Vaults:1 | Reached skill level 1 in Armour
 48658 | Vaults:1 | Offered knowledge of Spellforged Servitor by Vehumet.
 48664 | Vaults:1 | Reached skill level 5 in Armour
 48750 | Vaults:1 | Found Xoenul's Armour Boutique.
 49400 | Vaults:1 | Reached skill level 10 in Armour
 50581 | Vaults:2 | Found a large runed translucent door.
 50581 | Vaults:2 | Found a large runed translucent door.
 50581 | Vaults:2 | Found a large runed translucent door.
 50581 | Vaults:2 | Found a large runed translucent door.
 50581 | Vaults:2 | Found a large runed translucent door.
 50581 | Vaults:2 | Found a large runed translucent door.
 50581 | Vaults:2 | Found a large runed translucent door.
 50581 | Vaults:2 | Found a large runed translucent door.
 50581 | Vaults:2 | Noticed garrulousMonolith's ghost (veteran GnFi)
 50760 | Vaults:2 | Reached XP level 20. HP: 88/115 MP: 27/35
 50950 | Vaults:2 | Offered knowledge of Ignition by Vehumet.
 50950 | Vaults:2 | Offered knowledge of Maxwell's Capacitive Coupling by
                  | Vehumet.
 51074 | Vaults:2 | Found a staircase to the Crypt.
 51948 | Vaults:2 | Noticed Donald
 51959 | Vaults:2 | Killed Donald
 51967 | Vaults:2 | Learned a level 6 spell: Plasma Beam
 52444 | Vaults:3 | Found Ugimech's Weapon Boutique.
 52519 | Vaults:3 | Reached skill level 1 in Fire Magic
 52542 | Vaults:3 | Found a crumbling gateway.
 52553 | Desolati | Entered the Desolation of Salt
 52850 | Desolati | Identified the ring of the Sky {Fire Str+2}
 53331 | Desolati | Identified the amulet of Polay {Reflect rF+ Int+5 SH+5
                  | Stlth+}
 53358 | Desolati | Reached skill level 5 in Fire Magic
 53374 | Desolati | Identified the +8 morningstar of Zuleizav {flame, rF++ rN+
                  | Str-4}
 53375 | Desolati | Identified the +11 shortbow of Ambiguity {elec, Stlth+}
 53559 | Desolati | Identified the +5 giant spiked club of the Open Hand
                  | {heavy, Int+3 Dex+4}
 54557 | Vaults:3 | Reached XP level 21. HP: 120/120 MP: 12/38
 55030 | Vaults:3 | Found Webiwos's Book Emporium.
 55123 | Vaults:3 | Reached skill level 15 in Air Magic
 56619 | Vaults:4 | Identified the +10 sling of the Tundras {flame, rC+ rN+
                  | Will+ rCorr}
 57819 | Depths:1 | Entered Level 1 of the Depths
 58007 | Depths:1 | Found a transporter.
 58008 | Depths:1 | Found a transporter.
 58036 | Depths:1 | Reached XP level 22. HP: 108/125 MP: 23/39
 58144 | Depths:1 | Found a portal to a secret trove of treasure.
 58282 | Trove    | Entered a treasure trove
 58312 | Trove    | Got the Anthology of the Salamander and the Sixfirhy
 58315 | Trove    | Identified the +7 scimitar of the Shark {freeze, rCorr}
 58323 | Trove    | Identified the ring of Toufiy {rPois Str+6 Dex+2 Slay+3}
 58610 | Depths:1 | Found a one-way gate to the infinite horrors of the Abyss.
 58649 | Depths:1 | Found a one-way gateway to a ziggurat.
 58686 | Depths:1 | Found a transporter.
 58693 | Depths:1 | Found a transporter.
 58753 | Depths:1 | Found a transporter.
 58753 | Depths:1 | Found a transporter.
 58904 | Depths:1 | Found a gateway to Hell.
 58919 | Depths:1 | You are sucked into a shaft and drop 1 floor!
 58973 | Depths:2 | Found a magical portal.
 59123 | WizLab   | Entered Iskenderun's Mystic Tower
 60505 | WizLab   | Got Ephoteizicw's Lost Memoir of the Loreminder
 60505 | WizLab   | Got Esoowaf's Dissertation on Windy Tinctures
 60553 | WizLab   | Got Iskenderun's Verses on Arcane Weapons
 60607 | Depths:2 | Noticed a golden dragon
 60637 | Depths:2 | Noticed a caustic shrike
 60641 | Depths:2 | Killed a caustic shrike
 61245 | D:10     | Killed olmar's ghost
 61507 | Shoals:2 | Killed Bediveer's ghost
 61519 | Shoals:2 | Killed mooti9's ghost
 62204 | Depths:2 | Killed a golden dragon
 62327 | Depths:2 | Noticed Boris
 62333 | Depths:2 | Killed Boris
 63056 | Depths:2 | Identified the +7 long sword "Agampu" {heavy, Will+ rCorr}
 63302 | Depths:2 | Found a one-way gate leading to the halls of Pandemonium.
 63587 | Depths:2 | Reached XP level 23. HP: 119/129 MP: 39/41
 64557 | Depths:2 | Learned a level 9 spell: Chain Lightning
 64828 | Depths:3 | Noticed a golden dragon
 64831 | Depths:3 | Killed a golden dragon
 65712 | Depths:3 | Identified the +1 scale mail of the Hammering Gods {rF-
                  | Will+++ Int-3 Dex+3}
 66093 | Depths:3 | Identified the beast talisman of Beogh's Generosity {Int+3}
 66224 | Depths:3 | Found a broken altar of Ashenzari.
 66662 | Depths:4 | Entered Level 4 of the Depths
 67277 | Depths:4 | Reached XP level 24. HP: 123/135 MP: 39/42
 68479 | Depths:4 | Found a gate to the Realm of Zot.
 68553 | Depths:4 | Found a white marble altar of Elyvilon.
 68639 | Depths:4 | Found Ziso's Antique Weapon Shop.
 69043 | Elf:1    | Entered Level 1 of the Elven Halls
 69262 | Elf:1    | Found a radiant altar of Vehumet.
 69404 | Elf:1    | Identified the +1 executioner's axe "Amit" {vamp, rPois rF-
                  | rN+ Dex+3}
 69429 | Elf:1    | Got Ythyatel's Discursus on Vile Tinctures
 69482 | Elf:1    | Reached skill level 27 in Conjurations
 70490 | Elf:2    | Found Decim's Overcharged Wands.
 71046 | Elf:2    | Found a huge runed translucent gate.
 71046 | Elf:2    | Found a huge runed translucent gate.
 71046 | Elf:2    | Found a huge runed translucent gate.
 71047 | Elf:2    | Found a huge runed translucent gate.
 71049 | Elf:2    | Found a huge runed translucent gate.
 71922 | Elf:3    | Entered Level 3 of the Elven Halls
 72213 | Elf:3    | Reached skill level 27 in Air Magic
 72231 | Elf:3    | Found Webob's General Store.
 72519 | Elf:3    | Found Vaofam's Neck Hole.
 72535 | Elf:3    | Reached skill level 1 in Evocations
 72794 | Elf:3    | Reached XP level 25. HP: 114/141 MP: 37/42
 72918 | Elf:3    | Reached skill level 10 in Fighting
 73056 | Elf:3    | Identified the +8 arbalest of Impatience {freeze, rN+
                  | Int+3}
 73213 | Elf:3    | Identified the scarf of Wisdom {rC+ rF+, rPois}
 73347 | Elf:3    | Got the Collected Works on the Discontinuous Legion
 73456 | Elf:3    | Bought a scroll of amnesia for 64 gold pieces
 73806 | D:6      | Bought +1 pearl dragon scales for 1153 gold pieces
 74245 | Crypt:1  | Entered Level 1 of the Crypt
 74617 | Crypt:1  | Noticed a dread lich
 74618 | Crypt:1  | Noticed Hali's ghost (veteran FoFi)
 74619 | Crypt:1  | Found a runed translucent gate.
 74619 | Crypt:1  | Found a runed translucent gate.
 74619 | Crypt:1  | Found a runed translucent gate.
 74723 | Crypt:1  | Reached skill level 15 in Armour
 75130 | Crypt:1  | Killed Hali's ghost
 75132 | Crypt:1  | Killed a dread lich
 75167 | Crypt:1  | Identified the +0 hat of Objectivity {Harm rN+++ Will-
                  | Str-5}
 75278 | Crypt:2  | Noticed Grunn
 75282 | Crypt:2  | Killed Grunn
 75321 | Crypt:2  | Noticed Zenata
 75325 | Crypt:2  | Killed Zenata
 75826 | Orc:1    | Bought a manual of Spellcasting for 1040 gold pieces
 76428 | Crypt:3  | Entered Level 3 of the Crypt
 76478 | Crypt:3  | Reached skill level 15 in Spellcasting
 76872 | Crypt:3  | Found the +3 Elemental Staff {ele, rElec rF+ rC+ AC+3}
 76969 | Crypt:3  | Found a staircase to the Tomb.
 77062 | Crypt:3  | Noticed an ancient lich
 77068 | Crypt:3  | Killed an ancient lich
 77274 | Crypt:3  | Got Ereshkigal's Spellbook of Malignant Spells
 77295 | Crypt:3  | Identified the +8 dagger of Animal Spirits {freeze, Fly
                  | rPois Will+++ Dex-4}
 77540 | Vaults:5 | Entered Level 5 of the Vaults
 77634 | Vaults:5 | Noticed an ancient lich
 77657 | Vaults:5 | Reached XP level 26. HP: 150/150 MP: 33/44
 78368 | Vaults:5 | Noticed an ancient lich
 78371 | Vaults:5 | Killed an ancient lich
 78488 | Vaults:5 | Noticed an ancient lich
 78494 | Vaults:5 | Killed an ancient lich
 78758 | Vaults:5 | Identified the ring "Uziatt" {Ice rN+++ Int+4 Dex-2}
 79346 | Vaults:5 | Killed an ancient lich
 79635 | Vaults:5 | Got a silver rune of Zot
 79725 | Vaults:5 | Identified the +0 scale mail "Xyfug" {+Inv rF- Str+4 Int+3}
 81811 | Slime:1  | Entered Level 1 of the Pits of Slime
 81812 | Slime:1  | Upgraded the game from 0.31.0-9-g3a7656b989 to
                  | 0.31.0-10-gcf4a605ca0
 83766 | Slime:2  | Reached XP level 27. HP: 117/155 MP: 36/44
 84215 | Slime:5  | Entered Level 5 of the Pits of Slime
 84786 | Slime:5  | Found a viscous altar of Jiyva.
 84924 | Slime:5  | Found the +3 pair of mountain boots {steadfast, rC+}
 84925 | Slime:5  | Found the +8 autumn katana {manifold assault}
 84962 | Slime:5  | Noticed the Royal Jelly
 84972 | Slime:5  | Killed the Royal Jelly
 85226 | Slime:5  | Identified the amulet "Pilezeug" {RegenMP rPois rF+}
 85243 | Slime:5  | Acquired the Secrets of Meteoric Arcane Combat
 85251 | Slime:5  | Identified the +4 falchion of the Stork {venom, Will+
                  | Stlth+}
 85303 | Slime:5  | Got a slimy rune of Zot
 85363 | Slime:5  | Identified the +11 halberd of the Charming Gods {elec,
                  | Str+2 Int+3 SInv}
 85384 | Slime:5  | Identified the +1 quarterstaff "Voucenit" {pain, Str+2
                  | Dex+2 Stlth-}
 85882 | Zot:1    | Entered Level 1 of the Realm of Zot
 86215 | Zot:1    | Found a shimmering altar of Xom.
 86358 | Zot:1    | You are sucked into a shaft and drop 1 floor!
 86947 | Zot:1    | Reached skill level 1 in Long Blades
 87581 | Zot:1    | Found a shimmering altar of Xom.
 89683 | Zot:3    | Learned a level 9 spell: Fire Storm
 90411 | Zot:4    | Identified the +6 longbow "Perghuf" {flame, rF++ Dex+3}
 90474 | Zot:4    | Reached skill level 10 in Fire Magic
 91295 | Zot:5    | Entered Level 5 of the Realm of Zot
 91776 | Zot:5    | Noticed an ancient lich
 91779 | Zot:5    | Killed an ancient lich
 91900 | Zot:5    | Noticed a dread lich
 91909 | Zot:5    | Killed a dread lich
 92102 | Zot:5    | Noticed an orb of fire
 92104 | Zot:5    | Noticed an orb of fire
 92108 | Zot:5    | Gained mutation: Your body sometimes deteriorates upon
                  | taking damage. [an orb of fire]
 92123 | Zot:5    | Gained mutation: You are clumsy. (Dex -2) [an orb of fire]
 92127 | Zot:5    | Gained mutation: You occasionally shout uncontrollably at
                  | your foes. [an orb of fire]
 92285 | Zot:5    | Gained mutation: You are frail. (-10% HP) [an orb of fire]
 92286 | Zot:5    | Gained mutation: You expend magic power (3 MP) to
                  | strengthen your wands. [an orb of fire]
 92378 | Zot:5    | Killed an orb of fire
 92439 | Zot:5    | Gained mutation: You occasionally lose the ability to read
                  | scrolls when taking damage. [an orb of fire]
 92440 | Zot:5    | Killed an orb of fire
 92445 | Zot:4    | Lost mutation: You occasionally shout uncontrollably at
                  | your foes. [potion of mutation]
 92445 | Zot:4    | Lost mutation: You are clumsy. (Dex -2) [potion of
                  | mutation]
 92445 | Zot:4    | Lost mutation: You are frail. (-10% HP) [potion of
                  | mutation]
 92445 | Zot:4    | Gained mutation: You are occasionally teleported next to
                  | monsters. [potion of mutation]
 92445 | Zot:4    | Gained mutation: You are partially covered in large bone
                  | plates. (SH +4) [potion of mutation]
 92445 | Zot:4    | Gained mutation: You possess an exceptional clarity of
                  | mind. [potion of mutation]
 92446 | Zot:4    | Lost mutation: You are partially covered in large bone
                  | plates. (SH +4) [potion of mutation]
 92446 | Zot:4    | Lost mutation: You occasionally lose the ability to read
                  | scrolls when taking damage. [potion of mutation]
 92447 | Zot:4    | Lost mutation: You are occasionally teleported next to
                  | monsters. [potion of mutation]
 92447 | Zot:4    | Lost mutation: You expend magic power (3 MP) to strengthen
                  | your wands. [potion of mutation]
 92447 | Zot:4    | Gained mutation: Your skin changes colour to match your
                  | surroundings (Stealth+). [potion of mutation]
 92447 | Zot:4    | Gained mutation: You are partially covered in iridescent
                  | scales. (AC +2) [potion of mutation]
 92583 | Zot:5    | Reached skill level 15 in Fire Magic
 92656 | Zot:5    | Noticed an orb of fire
 92775 | Zot:5    | Noticed an ancient lich
 92778 | Zot:5    | Noticed a dread lich
 92782 | Zot:5    | Killed an ancient lich
 92784 | Zot:5    | Killed an orb of fire
 92856 | Zot:5    | Killed a dread lich
 92930 | Zot:5    | Noticed a dread lich
 92932 | Zot:5    | Killed a dread lich
 94140 | Depths:4 | Voluntarily entered the Abyss.
 94809 | Depths:4 | Escaped the Abyss
 95010 | Orc:1    | Bought a manual of Stealth for 1040 gold pieces
 95147 | Depths:1 | Voluntarily entered the Abyss.
 95147 | Abyss:2  | Found a corrupted altar of Lugonu.
 95154 | Abyss:3  | Found a corrupted altar of Lugonu.
 95160 | Abyss:4  | Found a corrupted altar of Lugonu.
 95371 | Abyss:5  | Got an abyssal rune of Zot
 95377 | Abyss:5  | HP: 5/157 [translucent stone wall collision (4)]
 95378 | Depths:1 | Escaped the Abyss
 95791 | Hell     | Entered the Vestibule of Hell
 95824 | Hell     | Gained mutation: Your body often deteriorates upon taking
                  | damage. [a cacodemon]
 96028 | Hell     | Noticed Geryon
 96227 | Hell     | Killed Geryon
 96277 | Hell     | Reached skill level 15 in Stealth
 96349 | Hell     | Found a gateway to the freezing wastes of Cocytus.
 96450 | Hell     | Found a gateway to the Iron City of Dis.
 96509 | Hell     | Found a gateway to the ashen valley of Gehenna.
 96560 | Hell     | Found a gateway to the decaying netherworld of Tartarus.
 96655 | Pan      | Entered Pandemonium
 96662 | Pan      | Noticed Rycest the pandemonium lord
 96669 | Pan      | Killed Rycest the pandemonium lord
 97111 | Pan      | Found an exit through the horrors of the Abyss.
 97974 | Pan      | Noticed Uluw the pandemonium lord
 97979 | Pan      | Killed Uluw the pandemonium lord
 98973 | Pan      | Noticed Ululiota the pandemonium lord
 98976 | Pan      | Killed Ululiota the pandemonium lord
100139 | Pan      | Acquired 753 gold pieces
100425 | Depths:2 | Escaped Pandemonium
100610 | Zot:5    | Got the Orb of Zot
101166 | D:$      | Escaped with the Orb!

Illustrated notes

Levels and vault maps discovered:
D:1:      tarquinn_simple_flora_water_c, layout_loops_ring,
          nicolae_eternal_life, kennysheep_decorative_pillar, dk_noncrumbling_3,
          minmay_tripent
D:2:      layout_loops_cross, serial_shops, nicolae_shop_stone,
          shapermc_ecumenical_altar_ellora
D:3:      layout_basic, serial_curves, eino_curves_04, eino_curves_03
D:4:      layout_loops_cross, minmay_temple_entry_waves, minmay_bisected,
          uniq_blork_the_orc
D:5:      layout_rooms, grunt_ministairs_5, uniq_crazy_yiuf_cottage,
          uniq_eustachio, uniq_sigmund, uniq_duvessa, uniq_pikel
D:6:      lemuel_ice_spiral_2, layout_rooms,
          grunt_temple_overflow_champion_of_chaos,
          minmay_overflow_temple_star_quad, minmay_stone_trees_small,
          minivault_24, minmay_crystal_water, nicolae_shop_dragon_depot
D:7:      layout_basic
D:8:      kennysheep_blocky_room, layout_basic, gammafunk_ghost_cemetery,
          guppyfry_early_elven_hall
D:9:      layout_basic, gammafunk_temple_overflow_pools, uniq_gastronok
D:10:     minmay_gate_of_8, layout_basic, gammafunk_ghost_wrathful_warriors,
          nicolae_twisting_strands, uniq_maggie, uniq_joseph
D:11:     layout_gridville, david_lair_generic
D:12:     layout_long_grid, hiddenorc2_lemuel, nicolae_uskayaw_en_pointe
D:13:     layout_cave_pools
D:14:     layout_irregular_city, david_vaults_2, ebering_ghost_funeral_grove,
          minivault_4, st_stairs_5
D:15:     grunt_enter_depths_magical_seal, layout_basic, xom_shifter_show
Temple:   nicolae_temple_superstar
Lair:1:   wad_woods_04, layout_regular_city, dreamdust_gnoll_shepherd,
          uniq_fannar
Lair:2:   layout_hall_layers, minmay_snake_entry_guardpost_small,
          serial_bayou_shore_b
Lair:3:   layout_regular_city, elwin_shoals_entry_stream, evilmike_ambush
          [evilmike_ambush_outer_basic, evilmike_ambush_inner_cross],
          lemuel_fruit_tree, uniq_nessos
Lair:4:   layout_small_grid
Lair:5:   evilmike_catoblepas_cave, layout_regular_city,
          minmay_slime_entry_pillars, dreamdust_deal_with_the_devil,
          infiniplex_staircase_pool_2, lemuel_fruit_fields
Shoals:1: layout_shoals, serial_shops, shop
Shoals:2: layout_shoals, gammafunk_ghost_cemetery
Shoals:3: layout_shoals, uniq_polyphemus
Shoals:4: shoals_end_grunt_garden, layout_shoals, nicolae_shoals_songs
Snake:1:  layout_onion, grunt_megastairs_1, serial_bayou_shore_b
Snake:2:  layout_onion
Snake:3:  nicolae_snake_unarmed_stairs_patrol, layout_onion, serial_shops,
          nicolae_shop_tiny_waterfront, shop, shop, shop, uniq_aizul,
          uniq_vashnia
Snake:4:  grunt_snake_rune_pools, layout_cave_shapes, serial_shops,
          nicolae_shop_statue_plus, grunt_megastairs_4, minmay_shop_star
Slime:1:  layout_caves
Slime:2:  layout_caves
Slime:3:  layout_caves
Slime:4:  layout_caves
Slime:5:  slime_pit_nicolae_trefoil
Orc:1:    layout_diamond_mine, nicolae_shop_self_help
Orc:2:    grunt_orc_tribal_feast, layout_caves, basic_altar
Elf:1:    cheibrodos_wizards_tower, layout_geoelf_grid, basic_altar,
          evilmike_minifort
Elf:2:    elven_hall_of_blades_hangedman_alternative [nicolae_blade_lattice],
          layout_onion_city, st_stairs_7, nicolae_shop_overcharged_wands
Elf:3:    elf_hall, layout_loops_corners, serial_shops, shop,
          nicolae_shop_sticking_my_neck_out
Vaults:1: hangedman_vaults_impose, dpeg_vaults_monster_box,
          nicolae_vaults_tetromino_L_1, v_misc_18,
          nicolae_vaults_oval_intersection, nicolae_vaults_stepped_doors,
          ontoclasm_vaults_pinch, nicolae_vaults_mini_display_case,
          layout_vaults_chaotic_city
Vaults:2: advil_vaults_ghost_lines, minmay_crypt_entry_simple_plaza,
          nicolae_vaults_an_arrangement, v_misc_14, grunt_vaults_diagonal,
          v_misc_4, vaults_room_hallway, hangedman_vaults_impose, v_misc_32,
          nicolae_vaults_ring_of_whatevers, nicolae_vaults_apartment_2,
          nicolae_vaults_house_2, layout_vaults_ring, uniq_donald
Vaults:3: portal_desolation_entry_twin_temple, ontoclasm_vaults_idyll,
          vaults_room_pools, nicolae_vaults_taking_the_gang_shopping,
          dpeg_vaults_monster_row, v_misc_28, v_rooms_5, v_misc_23,
          nicolae_vaults_yaktaur_gun_rack, layout_vaults_quadrants,
          serial_shops, shop
Vaults:4: nicolae_vaults_door_testing_chamber, nicolae_vaults_big_angled_halls,
          nicolae_vaults_tangram_2, nicolae_vaults_stairing_the_circle,
          nicolae_vaults_twisting_passages,
          nicolae_vaults_offset_grid_hallway_1, nicolae_vaults_trapezoid_3,
          ontoclasm_vaults_spin, layout_vaults_omnicross
Vaults:5: serial_shops
Crypt:1:  layout_chaotic_city, gammafunk_ghost_split
Crypt:2:  layout_misc_corridors, st_stairs_5, uniq_zenata, uniq_grunn
Crypt:3:  david_glass_crypt, layout_rooms, nicolae_tomb_entry_rubble_hallway
Depths:1: layout_big_octagon, enter_ziggurat_b, nicolae_trove_entry_diagonal,
          abyss_entry, serial_sigils_hangedman_scar, pf_hell_entry_tar_spiral,
          hex_medium, moated_statue, hangedman_abyss_or_decor_stabs,
          serial_nicolae_subway, nicolae_sub_station_stone,
          nicolae_sub_station_crystal, nicolae_sub_station_metal
Depths:2: minmay_the_grid_plus [minmay_the_grid_minigrid_large,
          minmay_the_grid_broken_lines, minmay_the_grid_paths,
          minmay_the_grid_aliased_spiral, minmay_the_grid_prize_trominoes],
          layout_cave_pools, lightli_enter_wizlab_magi_temple, serial_sigils,
          serial_sigils_hangedman_leer, serial_sigils_hangedman_quiver,
          serial_sigils_hangedman_gut, serial_sigils_hangedman_gnaw, pan_entry,
          hell_entry, uniq_boris
Depths:3: grunt_arcs, layout_basic, grunt_metal_band, abyss_entry_crystal,
          ashenzari_altar_1
Depths:4: grunt_zot_entry_pinwheel, layout_basic, elyvilon_altar_4,
          hangedman_abyss_entry_splay, serial_shops,
          nicolae_shop_real_fake_doors, hellmouth_1
Hell
Zot:1:    nicolae_zot_draconian_monastery, layout_misc_corridors,
          skrybe_zot_glass_3
Zot:2:    layout_misc_corridors, st_small_dragon_hoard_4
Zot:3:    layout_onion_interference
Zot:4:    layout_onion_interference
Zot:5:    layout_onion

Skill      XL: |  1  2  3  4  5  6  7  8  9 10 11 12 13 14 15 16 17 18 19 20 21 22 23 24 25 26 27 |
---------------+----------------------------------------------------------------------------------+-----
Dodging        | 3 4 6 7 9 10 12 13 14 16 17 18 19 20 21 | 21.0
Conjurations   | 6 7 8 9 10 11 12 13 15 16 18 24 26 27 | 27.0
Spellcasting   | 3 5 7 9 10 12 13 14 16 18 | 18.5
Translocations | 2 3 5 |  5.0
Short Blades   | 4 7 10 13 | 13.8
Stealth        | 5 15 | 15.0
Fighting       | 1 7 8 9 11 12 | 12.1
Air Magic      | 3 8 10 12 19 22 24 27 | 27.0
Ice Magic      | 2 7 |  7.0
Shields        | 7 10 14 15 | 15.4
Armour         | 14 17 22 23 | 23.4
Fire Magic     | 6 7 21 | 21.6
Evocations     | 3 4 |  4.0
Long Blades    | 2 |  2.7

Action                     |  1- 3 |  4- 6 |  7- 9 | 10-12 | 13-15 | 16-18 | 19-21 | 22-24 | 25-27 || total
---------------------------+-------+-------+-------+-------+-------+-------+-------+-------+-------++-------
  Melee: Unarmed           |    14 |       |     2 |       |       |       |       |       |       ||    16
         Kick              |     4 |       |    26 |    86 |   143 |   141 |   137 |   123 |   266 ||   926
         Peck              |     2 |       |    17 |    68 |    88 |   101 |    74 |    74 |   163 ||   587
         Punch             |     1 |       |       |     5 |     3 |       |       |       |       ||     9
         Rapier            |       |       |    74 |   223 |   293 |   339 |   284 |   219 |   383 ||  1815
         Dagger            |       |       |       |    39 |     6 |       |       |       |       ||    45
         Quick blade       |       |       |       |       |       |       |       |     7 |       ||     7
         Staff             |       |       |       |       |       |       |       |       |    66 ||    66
         Katana            |       |       |       |       |       |       |       |       |     8 ||     8
   Cast: Magic Dart        |    58 |    95 |   143 |   116 |    23 |       |       |       |       ||   435
         Searing Ray       |       |    11 |    31 |    33 |     3 |       |       |       |       ||    78
         Blink             |       |     1 |     1 |     2 |     2 |       |       |     1 |     3 ||    10
         Iskenderun's Myst |       |       |    12 |    25 |    74 |    57 |    82 |    49 |    19 ||   318
         Freezing Cloud    |       |       |       |    43 |   147 |   149 |    35 |     3 |     2 ||   379
         Static Discharge  |       |       |       |    11 |     6 |       |       |       |       ||    17
         Conjure Ball Ligh |       |       |       |       |    23 |     8 |     3 |       |       ||    34
         Mephitic Cloud    |       |       |       |       |     5 |       |    11 |     9 |       ||    25
         Orb of Destructio |       |       |       |       |       |   232 |   283 |   146 |   167 ||   828
         Plasma Beam       |       |       |       |       |       |       |    68 |    61 |     4 ||   133
         Chain Lightning   |       |       |       |       |       |       |       |   174 |   534 ||   708
         Bombard           |       |       |       |       |       |       |       |     7 |     4 ||    11
         Fire Storm        |       |       |       |       |       |       |       |       |    24 ||    24
  Evoke: Wand              |       |       |       |       |     4 |     1 |       |     2 |     7 ||    14
    Use: Scroll            |       |       |     8 |       |    19 |     7 |     3 |     4 |    16 ||    57
         Potion            |       |       |       |     3 |     1 |     1 |     2 |     1 |     7 ||    15
   Stab: Sleeping          |       |       |     2 |     5 |     1 |       |     1 |       |     1 ||    10
         Distracted        |       |       |       |       |     1 |       |       |     1 |       ||     2
         Confused          |       |       |       |       |     1 |       |    11 |    10 |       ||    22
 Armour: Robe              |    18 |     5 |    21 |    17 |   156 |   185 |    45 |   204 |    60 ||   711
         Leather armour    |       |       |    22 |   143 |       |       |       |       |       ||   165
         Skin              |       |       |       |    13 |       |       |       |       |       ||    13
         Ring mail         |       |       |       |       |       |       |    83 |    31 |       ||   114
         Pearl dragon scal |       |       |       |       |       |       |       |       |   545 ||   545
         Troll leather arm |       |       |       |       |       |       |       |       |    37 ||    37
  Dodge: Dodged            |    21 |    18 |   168 |   304 |   216 |   324 |   224 |   224 |   486 ||  1985
  Block: Kite shield       |       |       |       |       |   129 |   379 |   258 |   221 |   418 ||  1405
